 Dungeon Crawl Stone Soup version 0.29-a0-284-gf9362112df (webtiles) character file.

Game seed: 1529828995999758931

7 spaghetti the Digger (level 2, -1/13 HPs)
             Began as a Vine Stalker Earth Elementalist on Mar 21, 2022.
             Shot with a sling bullet by a kobold (5 damage)
             ... on level 1 of the Dungeon.
             The game lasted 00:00:25 (180 turns).

spaghetti the Digger (VSEE)                          Turns: 180, Time: 00:00:25

Health: -1/13      AC:  2    Str: 10    XL:     2   Next: 4%
Magic:  0/6        EV: 12    Int: 15    God:
Gold:   14         SH:  0    Dex: 14    Spells: 5/6 levels left

rFire   . . .      SeeInvis .   (no weapon)
rCold   . . .      Faith    .   (no shield)
rNeg    . . .      Spirit   +   b - +0 robe
rPois   .          Reflect  .   (no helmet)
rElec   .          Harm     .   (no cloak)
rCorr   .          Rampage  .   (no gloves)
Will    .....                   (no boots)
Stlth   ++........              (no amulet)
HPRegen 0.04/turn               (no ring)
MPRegen 0.10/turn               (no ring)

@: no status effects
A: fangs 2, magic shield, antimagic bite, no potion heal 2
a: no special abilities


You were on level 1 of the Dungeon.
You visited 1 branch of the dungeon, and saw 2 of its levels.

You collected 14 gold pieces.


Innate Abilities, Weirdness & Mutations

You have extremely sharp teeth.
When hurt, damage is shared between your health and your magic reserves.
Your bite disrupts and absorbs the magic of your enemies.
Potions cannot restore your health.


   Skills:
 - Level 1.5 Dodging
 - Level 2.9 Stealth
 + Level 2.5 Spellcasting
 - Level 1.0 Transmutations
 - Level 3.0 Earth Magic


You had 5 spell levels left.
You knew the following spells:

 Your Spells              Type           Power      Damage    Failure   Level
a - Sandblast             Erth           20%        2d7       6%          1

Your spell library contained the following spells:

 Spells                   Type           Power      Damage    Failure   Level
 Passwall                 Tmut/Erth      5%         N/A       14%         2
 Stone Arrow              Conj/Erth      12%        3d7       34%         3
 Petrify                  Tmut/Erth      7%         N/A       67%         4

Inventory:

Hand Weapons
 f - a +0 dagger {short}
   (You took it off a goblin on level 1 of the Dungeon)
Missiles
 a - 20 stones {throwing}
Armour
 b - a +0 robe (worn)
Scrolls
 d - a scroll of identify {unknown}
 e - a scroll of enchant armour {unknown}
Potions
 c - a potion of magic

Dungeon Overview and Level Annotations

Branches:
Dungeon (2/15)

Altars:

# .# . #.#. . #... # ..
...#.... ... #K.#... ....
##....... ..)...##@.....##
.. #...............
..##......#.##..###
..#........##.##..###
....#.......##.......#
.............#........#
.......................#
..........................#
..............#............


You could see a kobold.


Message History

Found a scroll labelled NUDUME ISHEM.
Found a stone staircase leading down.
The ball python bites you.
The ball python barely misses you. 😕 HP[-1]
You take 1 damage, and now have 8/9 hp.
Aiming: Sandblast (safe; 6% risk of failure)
Press: ? - help, Q - select action, (/) - cycle Shift-Dir - straight line, f - ball python
Aim: a ball python (77% to hit)
The blast of sand hits the ball python!
You kill the ball python! 😕 MP[-1]
You lost 1 mp, and now have 3/4 mp.
Found a leather armour.
Found a stone staircase leading down.
You see here a ball python corpse. 😎 HP[+1]
Your hp is fully restored (9).
d - a scroll labelled NUDUME ISHEM A bat comes into view. 😎 MP[+1]
Your mp is fully restored (4).
A bat is nearby!
A bat is nearby!
A quokka comes into view.
There is a stone staircase leading down here.
You climb downwards.
There is a stone staircase leading up here.
Unknown command.
Unknown command.
Aiming: Sandblast (safe; 6% risk of failure)
Press: ? - help, Q - select action, (/) - cycle Shift-Dir - straight line, f - ball python
Aim: a ball python (asleep, 100% to hit)
The blast of sand hits the ball python.
You kill the ball python! 😎 MP[-1]
You lost 1 mp, and now have 3/4 mp.
You climb upwards.
There is a stone staircase leading down here.
There are monsters nearby!
Aiming: Sandblast (safe; 6% risk of failure)
Press: ? - help, Q - select action, (/) - cycle Shift-Dir - straight line, f - bat
Aim: a bat (69% to hit)
The blast of sand hits the bat.
You kill the bat! 😎 MP[-1]
You lost 1 mp, and now have 2/4 mp.
Aiming: Sandblast (safe; 6% risk of failure)
Press: ? - help, Q - select action, (/) - cycle Shift-Dir - straight line, f - quokka
Aim: a quokka (wandering, hasn't noticed you, 71% to hit)
The blast of sand hits the quokka. 😎 MP[-1]
You lost 1 mp, and now have 1/4 mp.
Aiming: Sandblast (safe; 6% risk of failure)
Press: ? - help, Q - select action, (/) - cycle Shift-Dir - straight line, f/p - quokka
Aim: a quokka (almost dead, 71% to hit)
The blast of sand hits the quokka!
You kill the quokka! 😎 MP[-1]
You lost 1 mp, and now have 0/4 mp.
Unknown command.
Key pressed, stopping explore.
e - a scroll labelled TUVOG EVYC 😎 MP[+4]
Your mp is fully restored (4).
A goblin comes into view. It is wielding a +0 dagger.
A goblin is nearby!
Aiming: Sandblast (safe; 6% risk of failure)
Press: ? - help, Q - select action, (/) - cycle Shift-Dir - straight line, f - goblin
Aim: a goblin, wielding a +0 dagger (asleep, 100% to hit)
The blast of sand hits the goblin!
You kill the goblin!
You have reached level 2! 😎 HP[+4] MP[-1]
You now have 13 max hp (+4).
Your hp is fully restored (13).
f - a +0 dagger {short} A kobold comes into view.
It is wielding a +0 hunting sling. 😎 MP[+3]
Your mp is fully restored (6).
A kobold is nearby!
The kobold shouts!
The kobold shoots a sling bullet.
The sling bullet closely misses you.
The kobold shoots a sling bullet.
The sling bullet hits you. 😕 HP[-3] MP[-1]
You take 3 damage, and now have 10/13 hp.
MASSIVE DAMAGE!! (PAUSE)
You lost 1 mp, and now have 5/6 mp.
Aiming: Sandblast (safe; 6% risk of failure)
Press: ? - help, Q - select action, (/) - cycle Shift-Dir - straight line, f - kobold
Aim: a kobold, wielding a +0 hunting sling, wearing an amulet of reflection and quivering stones (74% to hit)
The blast of sand misses the kobold.
The kobold shoots a sling bullet.
The sling bullet hits you. 😮 HP[-1] MP[-1]
You take 1 damage, and now have 9/13 hp.
You lost 1 mp, and now have 4/6 mp.
Aiming: Sandblast (safe; 6% risk of failure)
Press: ? - help, Q - select action, (/) - cycle Shift-Dir - straight line, f/p - kobold
Aim: a kobold, wielding a +0 hunting sling, wearing an amulet of reflection and quivering stones (74% to hit)
The blast of sand reflects off an invisible shield around the kobold!
The blast of sand hits you!
* * * LOW HITPOINT WARNING * * *
The kobold shoots a sling bullet.
The sling bullet hits you.
You die...

Action                   || total
-------------------------++-------
 Cast: Sandblast         ||    10
Dodge: Dodged            ||     2

Levels and vault maps discovered:
D:1:      dpeg_arrival_shrine, layout_rooms, ebering_ecumenical_altar_rust,
          chequers_serial_rivers_micro_e
D:2:      layout_basic

Notes
Turn   | Place    | Note
-------+----------+-------------------------------------------
     0 | D:1      | spaghetti the Vine Stalker Earth Elementalist began the
                  | quest for the Orb.
     0 | D:1      | Reached XP level 1. HP: 9/9 MP: 4/4
     0 | D:1      | magus.rc [v1.9.6]
   144 | D:1      | Reached XP level 2. HP: 13/13 MP: 3/6
   180 | D:1      | Shot with a sling bullet by a kobold

Vanquished Creatures
  2 ball pythons
  A goblin (D:1)
  A hobgoblin (D:1)
  A quokka (D:1)
  A bat (D:1)
  A rat (D:1)
7 creatures vanquished.

Table legend:
 A = Non-vault XP
 B = Vault XP
 C = Vault XP percentage of total XP
 D = Non-vault monster count
 E = Vault monster count
 F = Vault count percentage of total count
                 A         B        C        D         E       F
            +---------+---------+-------+---------+---------+-------
      Total |      11 |       0 |   0.0 |       7 |       0 |   0.0
            +---------+---------+-------+---------+---------+-------
        D:1 |      10 |       0 |   0.0 |       6 |       0 |   0.0
        D:2 |       1 |       0 |   0.0 |       1 |       0 |   0.0
            +---------+---------+-------+---------+---------+-------

Illustrated notes

Table legend:
 A = Kills in this place as a percentage of kills in entire the game.
 B = Kills by you in this place as a percentage of kills by you in the entire game.
 C = Kills by friends in this place as a percentage of kills by friends in the entire game.
 D = Other kills in this place as a percentage of other kills in the entire game.
 E = Experience gained in this place as a percentage of experience gained in the entire game.
 F = Experience gained in this place divided by the number of levels of this place that you have seen.
                   A       B       C       D       E      F
               +-------+-------+-------+-------+-------+----------------------
         Total | 100.0 | 100.0 |   N/A |   N/A | 100.0 |   5.5
       Dungeon | 100.0 | 100.0 |   N/A |   N/A | 100.0 |   5.5
               +-------+-------+-------+-------+-------+----------------------

Table legend: (Time is in decaauts)
 A = Elapsed time spent in this place.
 B = Non-inter-level travel time spent in this place.
 C = Inter-level travel time spent in this place.
 D = Time resting spent in this place.
 E = Time spent auto-exploring this place.
 F = Levels seen in this place.
 G = Mean time per level.
                   A        B        C        D        E       F      G
               +--------+--------+--------+--------+--------+-----+--------+
         Total |    180 |    180 |      0 |      0 |    133 |   2 |   90.0 |
       Dungeon |    180 |    180 |      0 |      0 |    133 |   2 |   90.0 |
               +--------+--------+--------+--------+--------+-----+--------+

Top non-repeatable levels by time:
     D:1: 178 daAuts
     D:2: 2 daAuts
